 Dungeon Crawl Stone Soup version 0.23-a0-726-g9fa1570 (webtiles) character file.

413 galech the Chopper (level 6, -17/48 HPs)
             Began as a Demonspawn Fighter on Jan 16, 2019.
             Demolished by an ogre
             ... wielding a +0 giant club
              (19 damage)
             ... on level 4 of the Dungeon.
             The game lasted 00:03:26 (3482 turns).

galech the Chopper (Demonspawn Fighter)             Turns: 3482, Time: 00:03:26

Health: -17/48     AC: 11    Str: 17    XL:     6   Next: 59%
Magic:  6/6        EV:  6    Int:  9    God:
Gold:   181        SH:  9    Dex: 14    Spells: 5/5 levels left

rFire    . . .     SeeInvis .   a - +0 war axe
rCold    . . .     Gourm    .   c - +0 shield
rNeg     . . .     Faith    .   r - +0 chain mail
rPois    .         Spirit   .   (no helmet)
rElec    .         Reflect  .   p - +0 cloak
rCorr    .         Harm     .   (no gloves)
MR       .....                  n - +0 pair of boots
Stlth    ..........             (no amulet)
HPRegen  0.16/turn              (no ring)
MPRegen  0.10/turn              (no ring)

@: no status effects
A: powered by death 2, sturdy frame 1
a: no special abilities


You were on level 4 of the Dungeon.
You were not hungry.

You visited 2 branches of the dungeon, and saw 5 of its levels.

You collected 181 gold pieces.

Inventory:

Hand Weapons
 a - a +0 war axe (weapon)
Armour
 c - a +0 shield (worn)
 n - a +0 pair of boots (worn)
 p - a +0 cloak (worn)
 r - a +0 chain mail (worn)
Scrolls
 b - 2 scrolls of fear {unknown}
 g - 2 scrolls of magic mapping {unknown}
 h - a scroll of blinking {unknown}
 i - a scroll of noise {unknown}
 j - a scroll of teleportation {unknown}
 k - a scroll of immolation {unknown}
 m - 6 scrolls of identify {unknown}
 o - 5 scrolls of remove curse {unknown}
 s - a scroll of amnesia {unknown}
Potions
 d - a potion of might
 e - 3 potions of heal wounds {unknown}
 l - 2 potions of curing {unknown}
 t - a potion of haste {unknown}
Comestibles
 f - 11 rations


   Skills:
 + Level 3.6 Fighting
 + Level 4.3 Axes
 + Level 3.8 Armour
 + Level 1.0 Dodging
 + Level 4.0 Shields


You had 5 spell levels left.
You didn't know any spells.
Your spell library was empty.

Dungeon Overview and Level Annotations

Branches:
Dungeon (4/15)             Temple (1/1) D:4

Altars:
Ashenzari
Dithmenos
Fedhas
Hepliaklqana
Kikubaaqudgha
Makhleb
Nemelex Xobeh
Qazlal
Ru
Sif Muna
Trog
Vehumet
Wu Jian
Xom
Yredelemnul
Zin
The Shining One


Innate Abilities, Weirdness & Mutations

You regenerate health from kills.
Your movements are slightly less encumbered by armour. (ER -2)


Message History

You barely miss the ogre.
The ogre is heavily wounded.
The ogre hits you with a +0 giant club!
You are too injured to fight recklessly!
You are too injured to fight recklessly!
You are too injured to fight recklessly!
You are too injured to fight recklessly!
You are too injured to fight recklessly!
You are too injured to fight recklessly!
You are too injured to fight recklessly!
You are too injured to fight recklessly!
You are too injured to fight recklessly!
You hit the ogre but do no damage.
The ogre is heavily wounded.
The ogre hits you with a +0 giant club!
* * * LOW HITPOINT WARNING * * *
You slash the ogre!
The ogre is almost dead.
The ogre hits you with a +0 giant club!!
You die...

#..
#.........#
..#
#..########
#.# #..# ##
#.###..# #.#
##.....#
#.###.####.#
#.#.## #.#
#..# #.#
#.@# #.#
#.O# #.#
#..# #.#
#..# #.#
#..# #..
#..# #..#
#...


You could see an ogre.

Vanquished Creatures
  An ogre (D:4)
  2 orc priests (D:3)
  An orc wizard (D:3)
  An iguana (D:4)
  3 worker ants
  A gnoll (D:1)
  3 adders
  4 worms
  2 dart slugs
  7 leopard geckos
  12 orcs (D:3)
  8 bats
  2 giant cockroaches (D:2)
  6 hobgoblins
  8 kobolds
  4 quokkas
  3 frilled lizards
  7 goblins
  9 rats
84 creatures vanquished.

Vanquished Creatures (others)
  A leopard gecko (D:1)
1 creature vanquished.

Grand Total: 85 creatures vanquished

Notes
Turn   | Place    | Note
-------+----------+-------------------------------------------
     0 | D:1      | galech the Demonspawn Fighter began the quest for the Orb.
     0 | D:1      | Reached XP level 1. HP: 18/18 MP: 1/1
    26 | D:1      | Gained mutation: You regenerate a little health from kills.
                  | [demonic ancestry]
    26 | D:1      | Reached XP level 2. HP: 21/24 MP: 2/2
   287 | D:1      | Gained mutation: You regenerate health from kills. [demonic
                  | ancestry]
   287 | D:1      | Reached XP level 3. HP: 17/29 MP: 3/3
  1299 | D:2      | Reached XP level 4. HP: 25/35 MP: 4/4
  1417 | D:2      | Found a faded altar of an unknown god.
  2017 | D:3      | Reached XP level 5. HP: 41/41 MP: 5/5
  2535 | D:4      | Found a staircase to the Ecumenical Temple.
  2546 | Temple   | Entered the Ecumenical Temple
  2771 | D:4      | Gained mutation: Your movements are slightly less
                  | encumbered by armour. (ER -2) [demonic ancestry]
  2771 | D:4      | Reached XP level 6. HP: 29/47 MP: 6/6
  3228 | D:4      | Reached skill level 1 in Dodging
  3481 | D:4      | HP: 2/48 [ogre/+0 giant club (16)]
  3482 | D:4      | Demolished by an ogre

Vault maps used:
D:1:      nzn_arrival_water_spiral
D:2:      chequers_ecumenical_altar_island
D:3:      minmay_misc_feat_tower
D:4:      temple_pool_b, led_xom_imps
Temple:   minmay_crystal_spiral_temple

Skill      XL: |  1  2  3  4  5  6 |
---------------+-------------------+-----
Armour         | 3 |  3.8
Shields        | 3 4 |  4.0
Axes           | 2 3 4 |  4.3
Dodging        | 1 |  1.0
Fighting       | |  3.6

Action                   |  1- 3 |  4- 6 || total
-------------------------+-------+-------++-------
Melee: War axe           |   136 |   169 ||   305
  Eat: Chunk             |     2 |     7 ||     9
Armor: Scale mail        |    77 |    29 ||   106
       Chain mail        |       |    48 ||    48
Dodge: Dodged            |    38 |    34 ||    72
Block: Shield            |    75 |    90 ||   165

Table legend:
 A = Non-vault XP
 B = Vault XP
 C = Vault XP percentage of total XP
 D = Non-vault monster count
 E = Vault monster count
 F = Vault count percentage of total count
                 A         B        C        D         E       F
            +---------+---------+-------+---------+---------+-------
      Total |     590 |       0 |   0.0 |      84 |       0 |   0.0
            +---------+---------+-------+---------+---------+-------
        D:1 |      61 |       0 |   0.0 |      27 |       0 |   0.0
        D:2 |      37 |       0 |   0.0 |      17 |       0 |   0.0
        D:3 |     244 |       0 |   0.0 |      31 |       0 |   0.0
        D:4 |     248 |       0 |   0.0 |       9 |       0 |   0.0
            +---------+---------+-------+---------+---------+-------
